 Dungeon Crawl Stone Soup version 0.17-a0-1210-g1e4f09d (webtiles) character file.

79 patman the Cudgeler (level 4, 0/57 HPs)
             Began as a Centaur Chaos Knight on June 3, 2015.
             Slain by an adder (1 damage)
             ... on level 3 of the Dungeon.
             The game lasted 00:03:12 (1970 turns).

patman the Cudgeler (Centaur Chaos Knight)          Turns: 1970, Time: 00:03:12

Health: 0/57       AC:  6    Str: 20    XL:     4   Next: 16%
Magic:  4/4        EV:  9    Int: 11    God:    Xom [..*...]
Gold:   134        SH:  0    Dex:  9    Spells: 0 memorised, 3 levels left

rFire  . . .     SeeInvis +     a - +0 mace (chaos)
rCold  . . .     Clarity  .     b - +2 leather armour
rNeg   . . .     SustAt   .     (no shield)
rPois  .         Gourm    .     (no helmet)
rElec  .         Spirit   .     (no cloak)
rCorr  .         Warding  .     (no gloves)
rMut   .         Stasis   .     (no barding)
MR     .....                    q - amulet of rage
Stlth  ..........               (no ring)
                                l - ring of see invisible

@: berserking, heavily drained, very quick, not resistant to hostile
enchantments, extremely unstealthy
A: hooves 3, deformed body, speed 2, tough skin 3
a: Renounce Religion, Evoke Berserk Rage


You were on level 3 of the Dungeon.
You worshipped Xom.
You were a toy of Xom.
You were hungry.

You visited 1 branch of the dungeon, and saw 3 of its levels.

You collected 134 gold pieces.

Inventory:

Hand weapons
 a - a +0 mace of chaos (weapon)
Missiles
 e - 123 stones (quivered)
Armour
 b - a +2 leather armour (worn)
Jewellery
 l - a ring of see invisible (left hand)
 q - an amulet of rage (around neck)
Scrolls
 d - a scroll of remove curse
 h - a scroll of fear {unknown}
 m - a scroll of recharging {unknown}
 n - 3 scrolls of fog
 o - a scroll of teleportation {unknown}
Potions
 i - a potion of lignification {unknown}
 p - a potion of flight {unknown}
Comestibles
 c - a bread ration
 f - 3 beef jerkies
 g - 4 fruits
 k - a meat ration


   Skills:
 - Level 3.0(1.4) Fighting
 * Level 4.5(2.9) Maces & Flails
 - Level 1.3(0.0) Armour
 - Level 0.6(0.0) Dodging


You had 3 spell levels left.
You didn't know any spells.

Dungeon Overview and Level Annotations

Branches:
Dungeon (3/15)

Altars:
Cheibriados


Innate Abilities, Weirdness & Mutations

You have hooves in place of feet.
Armour fits poorly on your strangely shaped body.
You cover ground very quickly.
You have extremely tough skin (AC +3).


Message History

* * * LOW HITPOINT WARNING * * *
You thump Ijyb!
Ijyb appears confused.
You kick Ijyb!
You kill Ijyb!
You have reached level 4!
You feel stronger.
The orc hits your butterfly but does no damage.
Your butterfly is poisoned.
You closely miss the orc wizard. Your kick misses the orc wizard.
Your butterfly dies!
The orc wizard hits you but does no damage.
Unknown command.
You hit the orc wizard.
The orc wizard is poisoned.
The orc wizard is heavily wounded.
The orc wizard hits you with a dagger.
* * * LOW HITPOINT WARNING * * *
The orc wizard casts a spell.
The orc wizard blinks!
Unknown command.
You miss the adder. Your kick misses the adder. The adder bites you.
You die...

# .# .# .b#
###.# #...#
#.# #@# #S#
.%.g...lo..>#
#....bbo..###
#........!..
#......#..#..
#.#####
..##.# . ..#
... #.. ..


You could see an adder, 2 orcs and a giant newt.

Vanquished Creatures
  Ijyb (D:3)
  An adder (D:2)
  2 worms
  2 giant geckos (D:2)
  A ball python (D:1)
  A giant cockroach (D:2)
  6 goblins
  3 hobgoblins
  2 jackals (D:2)
  4 kobolds
  A quokka (D:2)
  5 bats
  4 giant newts
  3 rats (D:1)
36 creatures vanquished.

Vanquished Creatures (others)
  2 butterflies (D:3)
2 creatures vanquished.

Grand Total: 38 creatures vanquished

Notes
Turn   | Place    | Note
--------------------------------------------------------------
     0 | D:1      | patman the Centaur Chaos Knight began the quest for the Orb.
     0 | D:1      | Reached XP level 1. HP: 19/19 MP: 1/1
    91 | D:1      | Found a snail-covered altar of Cheibriados.
   186 | D:1      | XOM: potion effect (might)
   187 | D:1      | Reached XP level 2. HP: 13/26 MP: 2/2
   708 | D:1      | XOM: divination: detect creatures
  1039 | D:2      | XOM: silly message
  1298 | D:2      | Reached XP level 3. HP: 16/31 MP: 3/3
  1338 | D:1      | XOM: mild Erth miscast
  1645 | D:2      | XOM: harmless Air miscast
  1682 | D:2      | XOM: silly message
  1685 | D:2      | XOM: smoke on damage
  1686 | D:2      | Reached skill level 4 in Maces & Flails
  1952 | D:3      | Noticed Ijyb
  1961 | D:3      | HP: 1/31 [Ijyb/wand of draining (12)]
  1962 | D:3      | XOM: butterfly on damage
  1966 | D:3      | HP: 2/46 [Ijyb/club (1)]
  1967 | D:3      | Killed Ijyb
  1967 | D:3      | Reached XP level 4. HP: 2/38 MP: 4/4
  1970 | D:3      | Slain by an adder

Vault maps used:
D:1:      dpeg_arrival_stone_temple_mockup, serial_co_window_serial,
          co_window_of_opportunity_a, co_window_paths_a, co_window_paths_b,
          co_window_of_opportunity_a, co_window_of_opportunity_a,
          co_window_corner_a, co_window_paths_b, co_window_of_opportunity_b,
          co_window_2corner, co_window_paths_c, co_window_of_opportunity_b,
          glass_columns_c, glass_columns_c, glass_columns_a, glass_columns_c,
          glass_columns_b, minmay_misc_feat_diagonals, cheibriados_altar_1
D:3:      tso_metal_star, amalloy_card_club, uniq_iyjb

Action                   |  1- 3 |  4- 6 || total
-------------------------+-------+-------++-------
Melee: Mace              |   104 |     3 ||   107
Throw: Stone             |     6 |       ||     6
 Abil: Evoke Berserk Rag |     1 |       ||     1
  Use: Scroll            |     3 |       ||     3
       Potion            |     1 |       ||     1
  Eat: Chunk             |     1 |       ||     1
